 Dungeon Crawl Stone Soup version 0.31-a0-960-g0fca184906 (webtiles) character file.

Game seed: 4538842759208807474

1503 lunkers the Martial Artist (level 9, -10/64 HPs)
             Began as a Meteoran Shapeshifter on Oct 23, 2023.
             Was a Follower of Makhleb.
             Killed from afar by an electric eel (13 damage)
             ... with a bolt of electricity
             ... on level 6 of the Dungeon.
             The game lasted 00:04:59 (2727 turns).

lunkers the Martial Artist (Meteoran Shapeshifter)  Turns: 2727, Time: 00:05:00

Health: -10/64     AC:  7    Str: 17    XL:     9   Next: 29%
Magic:  10/10      EV: 16    Int: 12    God:    Makhleb [*.....]
Gold:   202        SH:  5    Dex: 17    Spells: 8/8 levels left

rFire   . .          .
                       - Unarmed
rCold   . . .        (shield currently unavailable)
rNeg    . . .        p - +0 ring mail
rPois   .            (no helmet)
rElec   .            (no cloak)
rCorr   .            u - +1 pair of gloves {hurl}
SInv    .            (no boots)
Will    +....        l - amulet of reflection
Stlth   +            f - ring of wizardry
HPRegen 0.30/turn    x - +5 ring of evasion
MPRegen 0.12/turn

%: reflection, wizardry (x1)
@: flux-form, glowing
A: glow, contaminating, sense surroundings 2, otherworldly, glowing, explore
regen
a: Begin Untransformation, Renounce Religion


You were on level 6 of the Dungeon.
You worshipped Makhleb.
Makhleb was aware of your devotion.
You were something dangerously unstable.
You visited 1 branch of the dungeon, and saw 6 of its levels.
You also visited: Sewer.

You collected 202 gold pieces.

Inventory:

Armour
 p - a +0 ring mail (worn)
 u - a +1 pair of gloves of hurling (worn)
 v - a +0 buckler
Jewellery
 f - a ring of wizardry (left hand)
 l - an amulet of reflection (around neck)
 n - a ring of willpower
 x - a +5 ring of evasion (right hand)
Talismans
 c - a beast talisman
 d - a flux talisman (active)
Wands
 w - a wand of acid (4)
Scrolls
 j - a scroll of fear
 k - 3 scrolls of teleportation
 m - a scroll of immolation
 o - a scroll of fog
 t - 3 scrolls of enchant weapon
Potions
 a - a potion of heal wounds
 b - a potion of might {unknown}
 e - 2 potions of brilliance {unknown}
 g - a potion of mutation {unknown}
 h - 3 potions of enlightenment
 i - 3 potions of curing


   Skills:
 - Level 1.1 Fighting
 - Level 2.1 Dodging
 * Level 11.0 Unarmed Combat
 + Level 7.7 Shapeshifting


You had 8 spell levels left.
You didn't know any spells.
Your spell library contained the following spells:

 Spells                   Type           Power      Damage    Failure   Level
 Poisonous Vapours        Pois/Air       0%         N/A       34%         2
 Mephitic Cloud           Conj/Pois/Air  0%         N/A       56%         3
 Freezing Cloud           Conj/Ice/Air   0%         6-21      99%         5


Dungeon Overview and Level Annotations

Branches:
Dungeon (6/15) Zot: 1085   Temple (0/1) D:6           Sewer (visited)

Altars:
Ashenzari
Makhleb
Xom


Innate Abilities, Weirdness & Mutations

You are something dangerously unstable.
You glow with magical radiation, making you easy to see and hit.
Foes you strike become dangerously contaminated with magical radiation.
You are incapable of wielding weapons or throwing items.
You passively map the area around you.
You are easily found by Zot.
You glow in the dark.
You regain HP and MP as you explore.


Message History

You kill the howler monkey!
Makhleb accepts your kill.
Your Unarmed Combat skill increases to level 11!
No target in view!
You see here a howler monkey corpse.
n - a ring of willpower No target in view!
You now have 202 gold pieces (gained 16).
e - 2 amethyst potions (gained 1) Key pressed, stopping explore.
No target in view!
An electric eel comes into view.
The electric eel shoots out a bolt of lightning at you!
The bolt of electricity hits you!
Okay, then.
The electric eel shoots out a bolt of lightning at you!
The bolt of electricity hits you! x2
An electric eel comes into view.
The electric eel shoots out a bolt of lightning at you!
The bolt of electricity misses you. The bolt of electricity hits you!
Aiming: Corrosive Bolt
Press: ? - help, Shift-Dir - straight line, f - electric eel
Aim: an electric eel (water, 53% to hit)
The bolt of acid misses the electric eel.
The electric eel shoots out a bolt of lightning at you!
The bolt of electricity hits you!
* * * LOW HITPOINT WARNING * * *
The electric eel shoots out a bolt of lightning at you!
The bolt of electricity hits you!
* * * LOW HITPOINT WARNING * * *
The bolt of electricity hits you!
* * * LOW HITPOINT WARNING * * *
Aiming: Corrosive Bolt
Press: ? - help, Shift-Dir - straight line, f/p - electric eel
Aim: an electric eel (water, 53% to hit)
The bolt of acid hits the electric eel!
The electric eel is severely wounded.
The electric eel shoots out a bolt of lightning at you!
The bolt of electricity hits you!
You die...

* *,**,,,,,..#* #..... *
*,**,**,**..## #.....
*****,**,**,*##..# ##########....
,,,,,,,,,**,*,...###.............
,,,,,,****#,*,*#..##.............
,,,,,,* #.#,*#..##.............
,,,*******#...,#...#..........###
,,,* ***,...#..#.#............###
,,,* *,,,.......p.#...........###
,,,* *,~~~~.~~≈~≈.##........[.###
,,,* *,~~~S.~≈≈S~.##..........###
,,,* *,~~≈≈.~≈≈~~............####
**** *,~~≈~.~~~≈~..............##
*,~~≈~.............####)#...
*,,,....~~≈~.......#..#.###.
*,~~~~~.~≈≈~.......#....####
*,~~~~~,~~~~,,,$...#..######


You could see 2 electric eels.

Vanquished Creatures
  Grinder (D:6)
  A water moccasin (D:5)
  A black bear (D:6)
  A sky beast (D:5)
  2 ice beasts (D:5)
  An ogre (D:5)
  A phantom (D:5)
  2 scorpions
  A howler monkey (D:6)
  2 hounds
  3 jellies
  Jessica (D:2)
  4 iguanas
  A hell rat (Sewer)
  7 gnolls
  9 adders
  A river rat (Sewer)
  A worm (D:5)
  A dart slug (D:4)
  10 orcs
  6 endoplasms
  6 giant cockroaches
  3 goblins
  3 hobgoblins
  8 kobolds
  7 quokkas
  A ball python (D:2)
  A bat (D:1)
  A frilled lizard (D:2)
  8 rats
95 creatures vanquished.

Notes
Turn   | Place    | Note
-------+----------+-------------------------------------------
     0 | D:1      | lunkers the Meteoran Shapeshifter began the quest for the
                  | Orb.
     0 | D:1      | Reached XP level 1. HP: 16/16 MP: 2/2
   106 | D:1      | Reached XP level 2. HP: 23/23 MP: 3/3
   112 | D:1      | Reached skill level 4 in Unarmed Combat
   352 | D:2      | Reached XP level 3. HP: 28/28 MP: 4/4
   398 | D:2      | Noticed Jessica
   404 | D:2      | Killed Jessica
   405 | D:2      | Reached skill level 5 in Unarmed Combat
   405 | D:2      | Reached XP level 4. HP: 30/35 MP: 5/5
   568 | D:3      | Reached XP level 5. HP: 32/40 MP: 6/6
   704 | D:3      | Found a faded altar of an unknown god.
  1013 | D:4      | Found a shimmering altar of Xom.
  1028 | D:4      | Found a broken altar of Ashenzari.
  1128 | D:4      | Reached skill level 6 in Unarmed Combat
  1254 | D:4      | Reached XP level 6. HP: 27/47 MP: 7/7
  1261 | D:4      | Reached skill level 5 in Shapeshifting
  1490 | D:4      | Reached skill level 7 in Unarmed Combat
  1505 | D:5      | Entered Level 5 of the Dungeon
  1566 | D:5      | Noticed a sky beast
  1578 | D:5      | Killed a sky beast
  1579 | D:5      | Reached XP level 7. HP: 34/52 MP: 8/8
  1603 | D:5      | Noticed a water moccasin
  1615 | D:5      | Killed a water moccasin
  1617 | D:5      | Reached skill level 8 in Unarmed Combat
  1677 | D:5      | Reached XP level 8. HP: 33/59 MP: 9/9
  1699 | D:5      | Reached skill level 9 in Unarmed Combat
  2256 | D:6      | Found a burning altar of Makhleb.
  2263 | D:6      | Became a worshipper of Makhleb the Destroyer
  2321 | D:6      | Noticed Grinder
  2365 | D:6      | Killed Grinder
  2366 | D:6      | Reached skill level 10 in Unarmed Combat
  2366 | D:6      | Gained mutation: You passively map the area around you.
                  | [Meteoran growth]
  2366 | D:6      | Reached XP level 9. HP: 64/64 MP: 10/10
  2438 | D:6      | Found a glowing drain.
  2456 | Sewer    | Entered a sewer
  2489 | Sewer    | Reached * piety under Makhleb
  2667 | D:6      | Reached skill level 11 in Unarmed Combat
  2726 | D:6      | HP: 3/64 [electric eel/bolt of electricity (12)]
  2727 | D:6      | Killed from afar by an electric eel

Illustrated notes

Levels and vault maps discovered:
D:1:      amcnicky_arrival_single_pillar, layout_loops_ring
D:2:      layout_rooms, serial_bayou, serial_bayou_lagoon_a,
          serial_bayou_shore_b, serial_bayou_pond_b, serial_bayou_pond_e,
          uniq_jessica
D:3:      layout_basic, nicolae_ecumenical_oubliette, uniq_sigmund
D:4:      layout_cave_pods, nicolae_overflow_squiral
D:5:      layout_basic, worldfamousw_hep_ancestral_shrine,
          kennysheep_generic_room_16
D:6:      layout_basic, bloody_makhleb, minmay_temple_entry_butterflies,
          gup_sewer_entry_pipe, minivault_14, uniq_grinder

Skill      XL: |  1  2  3  4  5  6  7  8  9 |
---------------+----------------------------+-----
Unarmed Combat | 4 5 6 7 8 10 11 | 11.0
Shapeshifting  | 4 5 6 7 |  7.7
Fighting       | |  1.1
Dodging        | |  2.1

Action                     |  1- 3 |  4- 6 |  7- 9 || total
---------------------------+-------+-------+-------++-------
  Melee: Unarmed           |    45 |    95 |   167 ||   307
         Punch             |     1 |     2 |     6 ||     9
  Evoke: Wand              |       |       |     2 ||     2
    Use: Potion            |       |       |     2 ||     2
         Scroll            |       |       |    14 ||    14
 Armour: Animal skin       |     8 |     1 |       ||     9
         Ring mail         |       |    40 |    66 ||   106
         Skin              |       |       |    21 ||    21
  Dodge: Dodged            |    20 |    35 |    61 ||   116
  Block: Other             |     2 |    12 |    27 ||    41
   Form: Flux              |       |       |     1 ||     1

Table legend: (Time is in decaauts)
 A = Elapsed time spent in this place.
 B = Non-inter-level travel time spent in this place.
 C = Inter-level travel time spent in this place.
 D = Time resting spent in this place.
 E = Time spent auto-exploring this place.
 F = Levels seen in this place.
 G = Mean time per level.
                   A        B        C        D        E       F      G
               +--------+--------+--------+--------+--------+-----+--------+
         Total |   2710 |   2675 |     35 |    154 |   1785 |   7 |  387.1 |
       Dungeon |   2513 |   2478 |     35 |     54 |   1734 |   6 |  418.8 |
         Sewer |    197 |    197 |      0 |    100 |     51 |   1 |  197.0 |
               +--------+--------+--------+--------+--------+-----+--------+

Top non-repeatable levels by time:
     D:5: 695 daAuts
     D:4: 494 daAuts
     D:3: 454 daAuts
     D:6: 318 daAuts
     D:1: 293 daAuts
     D:2: 258 daAuts
   Sewer: 197 daAuts
